Lightning vs MapleLeafs

Created - 20 septembre 2017 at 18:45

Simulating a Pre-Season

Goals
1 2 3 T
Lightning 1 0 3 4
MapleLeafs 1 1 1 3
Shots
1 2 3 T
Lightning 8 5 7 20
MapleLeafs 13 9 15 37

1st period

1. MapleLeafs , Jordan Staal 2 (Mikael Backlund 1, Scott Laughton 1) at 17:08
2. Lightning , Teddy Purcell 1 (Johnny Gaudreau 4, Kyle Quincey 1) at 18:57

Penalties :
Erik Gudbranson (TBL) for Hooking (Minor) at 10:04, Alexey Marchenko (TOR) for Holding (Minor) at 12:45

2nd period

3. MapleLeafs , Lawson Crouse 1 (Mikael Backlund 2, Nazem Kadri 1) at 11:25

Penalties :
Trevor Daley (TBL) for Hooking (Minor) at 5:50, Brandon Montour (TOR) for Hooking (Minor) at 8:23, Richard Panik (TOR) for Hooking (Minor) at 15:58

3rd period

4. Lightning , Johnny Gaudreau 2 (Teddy Purcell 1, Kyle Quincey 2) at 3:19
5. Lightning , Tobias Rieder 3 (Erik Gudbranson 1) at 5:04
6. Lightning , Trevor Daley 1 (Jeff Carter 3, Patric Hornqvist 2) at 14:47 (PP)
7. MapleLeafs , Nick Leddy 1 (Reilly Smith 2, Milan Lucic 1) at 19:46 (PP)

Penalties :
Troy Brouwer (TBL) for Roughing (Minor) at 9:41, Alexei Emelin (TOR) for Elbowing (Minor) at 14:21, Kyle Quincey (TBL) for Tripping (Minor) at 18:11

Goalie Stats

Jaroslav Halak (TBL), 34 saves from 37 shots - (0.919), W, 1-0-0, 60:00 minutes
Al Montoya (TOR), 16 saves from 20 shots - (0.800), L, 0-1-0, 59:50 minutes

Players Stats for Lightning

Player Name              G  A  P  +/- PIM S  H  SB GA TA FO     MP     PP MP  PK MP  
------------------------------------------------------------------------------------
Brad Hunt                0  0  0   0  0   0  1  3  0  0  0/0    16:46   0:00   2:32 
David Schlemko           0  0  0   0  0   1  2  3  0  0  0/0    15:52   0:00   1:38 
Eric Fehr                0  0  0   0  0   1  0  0  0  0  7/12   17:37   0:00   3:37 
Erik Gudbranson          0  1  1   1  2   2  3  1  0  0  0/0    20:11   3:30   2:51 
Henrik Sedin             0  0  0   1  0   2  1  0  0  0  11/24  19:39   2:38   2:09 
Jeff Carter              0  1  1   1  0   3  2  0  0  0  15/26  15:28   3:27   0:00 
Johnny Gaudreau          1  1  2   1  0   2  0  0  0  0  1/1    16:05   3:27   0:34 
Justin Bailey            0  0  0  -1  0   1  1  0  0  0  0/1     5:49   0:00   0:00 
Kevin Klein              0  0  0   1  0   2  1  0  0  0  0/0    20:50   3:30   4:09 
Kyle Quincey             0  2  2   0  2   1  3  4  0  0  0/0    22:35   2:53   1:43 
Matt Hendricks           0  0  0   0  0   0  0  0  0  0  1/2    14:18   0:18   0:00 
Patric Hornqvist         0  1  1   0  0   1  1  0  0  0  0/0     3:40   3:27   0:00 
Teddy Purcell            1  1  2   0  0   1  1  0  0  0  2/2    17:34   0:00   0:00 
Tobias Rieder            1  0  1   1  0   1  0  1  0  0  0/1    18:56   2:56   1:45 
Travis Zajac             0  0  0   0  0   0  1  0  0  0  6/9    14:00   0:00   0:00 
Trevor Daley             1  0  1   0  2   1  0  1  0  0  0/0    23:03   2:53   2:08 
Troy Brouwer             0  0  0   1  2   1  2  0  0  0  1/4    19:33   2:56   2:23 
Vernon Fiddler           0  0  0  -1  0   0  1  1  0  0  5/10   10:28   0:00   4:39 

Players Stats for MapleLeafs

Player Name              G  A  P  +/- PIM S  H  SB GA TA FO     MP     PP MP  PK MP  
------------------------------------------------------------------------------------
Alexei Emelin            0  0  0  -1  2   1  5  0  0  0  0/0    20:56   3:11   2:37 
Alexey Marchenko         0  0  0   0  2   0  0  0  0  0  0/0    14:04   0:40   0:00 
Andreas Athanasiou       0  0  0   0  0   1  0  0  0  0  0/2    17:53   2:58   0:32 
Brandon Montour          0  0  0   0  2   0  2  0  0  0  0/0    14:08   0:18   0:26 
Brent Seabrook           0  0  0   0  0   2  0  1  0  0  0/0    24:32   3:41   3:20 
Christopher DiDomenico   0  0  0   0  0   1  0  0  0  0  0/0     1:14   0:40   0:00 
David Krejci             0  0  0   0  0   3  0  0  0  0  15/28  21:57   3:28   3:55 
Frederick Gaudreau       0  0  0   0  0   0  0  0  0  0  0/0     2:17   0:42   0:00 
Jordan Staal             1  0  1   1  0   6  3  0  0  0  19/33  25:53   4:04   3:09 
Karl Alzner              0  0  0  -1  0   1  0  3  0  0  0/0    21:23   3:11   3:03 
Lawson Crouse            1  0  1  -2  0   2  0  0  0  0  1/2    11:54   0:00   0:38 
Mikael Backlund          0  2  2  -1  0   4  0  0  0  0  3/7    17:35   0:00   2:16 
Milan Lucic              0  1  1   0  0   2  1  0  0  0  1/4    19:20   3:42   0:00 
Nazem Kadri              0  1  1  -2  0   3  0  0  0  0  3/15   13:43   0:00   2:16 
Nick Leddy               1  0  1   0  0   3  1  4  0  0  0/0    24:54   4:03   3:20 
Reilly Smith             0  1  1   0  0   6  0  0  0  0  1/1    19:42   4:04   0:00 
Richard Panik            0  0  0   0  2   2  6  1  0  0  0/0    17:31   2:58   0:00 
Scott Laughton           0  1  1   1  0   0  0  0  0  0  0/0     4:37   0:00   0:00 

3 Stars

1 - Johnny Gaudreau (TBL)
2 - Jordan Staal (TOR)
3 - Teddy Purcell (TBL)

Power Play

Lightning - 1 on 4 Attempt(s) - 25.00%
MapleLeafs - 1 on 4 Attempt(s) - 25.00%

Penalty Kill

Lightning - 3 on 4 Attempt(s) - 75.00% - Score 0 goal in Penalty Kill
MapleLeafs - 3 on 4 Attempt(s) - 75.00% - Score 0 goal in Penalty Kill

Team Stat

Lightning - Hits : 20 - Faceoff Wins : 49 - Blocked Shots : 14 - Penalty Minutes : 8
MapleLeafs - Hits : 18 - Faceoff Wins : 43 - Blocked Shots : 9 - Penalty Minutes : 8

Official

Referees : Dean Morton and Dave Lewis
Linesman : Scott Cherrey and Jay Sharrers

Game Notes

No Game Note

% Time on Ice - Lightning

Lines # - Real PCT - Wanted PCT - Time Play
Normal Forward
1 - 26% - 40% - 11:48
2 - 31% - 30% - 14:15
3 - 31% - 20% - 14:00
4 - 13% - 10% - 5:49
Normal Defense
1 - 38% - 40% - 17:13
2 - 30% - 30% - 13:48
3 - 31% - 20% - 14:14
4 - 1% - 10% - 0:37
PP Forward
1 - 54% - 60% - 3:27
2 - 46% - 40% - 2:56
PP Defense
1 - 45% - 60% - 2:53
2 - 55% - 40% - 3:30
PK Forward
1 - 77% - 60% - 5:47
2 - 23% - 40% - 1:45
PK Defense
1 - 36% - 60% - 2:42
2 - 64% - 40% - 4:50
PK3 Forward
1 - 0% - 60%
2 - 0% - 40%
PK3 Defense
1 - 0% - 60%
2 - 0% - 40%
44 Forward
1 - 0% - 60%
2 - 0% - 40%
44 Defense
1 - 0% - 60%
2 - 0% - 40%
Last Minute Offensive  - 0:00
Last Minute Defensive  - 0:13
Total
Forward - 60:00
Defense - 60:00

% Time on Ice - MapleLeafs

Lines # - Real PCT - Wanted PCT - Time Play
Normal Forward
1 - 34% - 32% - 15:25
2 - 32% - 30% - 14:34
3 - 25% - 22% - 11:16
4 - 10% - 16% - 4:37
Normal Defense
1 - 38% - 38% - 17:18
2 - 33% - 34% - 15:09
3 - 29% - 28% - 13:25
4 - 0% - 0% - 0:00
PP Forward
1 - 54% - 60% - 4:04
2 - 46% - 40% - 3:28
PP Defense
1 - 58% - 60% - 4:21
2 - 42% - 40% - 3:11
PK Forward
1 - 64% - 60% - 4:07
2 - 36% - 40% - 2:16
PK Defense
1 - 52% - 60% - 3:20
2 - 48% - 40% - 3:03
PK3 Forward
1 - 0% - 60%
2 - 0% - 40%
PK3 Defense
1 - 0% - 60%
2 - 0% - 40%
44 Forward
1 - 0% - 60%
2 - 0% - 40%
44 Defense
1 - 0% - 60%
2 - 0% - 40%
Last Minute Offensive  - 0:13
Last Minute Defensive  - 0:00
Total
Forward - 60:00
Defense - 60:00

Play by Play

1st period


0:01 of 1st period - Jeff Carter wins face-off versus Jordan Staal in neutral zone.
0:07 of 1st period - Off-side.
0:08 of 1st period - David Krejci wins face-off versus Henrik Sedin in neutral zone.
0:14 of 1st period - Andreas Athanasiou is hit by Kevin Klein.
0:26 of 1st period - Shot by David Krejci.
0:26 of 1st period - Stopped by Jaroslav Halak without a rebound.
0:27 of 1st period - Travis Zajac wins face-off versus Nazem Kadri in Lightning zone.
0:36 of 1st period - Shot by Eric Fehr.
0:36 of 1st period - Stopped by Al Montoya with a rebound.
0:51 of 1st period - Lawson Crouse is hit by David Schlemko and loses puck.
1:25 of 1st period - Shot by Reilly Smith.
1:25 of 1st period - Stopped by Jaroslav Halak without a rebound.
1:26 of 1st period - Jeff Carter wins face-off versus Andreas Athanasiou in Lightning zone.
1:26 of 1st period - Jeff Carter is hit by Richard Panik.
1:29 of 1st period - Johnny Gaudreau is hit by Alexei Emelin and loses puck.
2:32 of 1st period - Icing by Trevor Daley.
2:33 of 1st period - Jeff Carter wins face-off versus Nazem Kadri in Lightning zone.
3:54 of 1st period - Shot by Milan Lucic.
3:54 of 1st period - Shot Blocked by Brad Hunt.
4:07 of 1st period - Icing by Brent Seabrook.
4:08 of 1st period - Jordan Staal wins face-off versus Vernon Fiddler in MapleLeafs zone.
4:08 of 1st period - Jordan Staal is hit by Vernon Fiddler.
4:59 of 1st period - Shot by Richard Panik.
4:59 of 1st period - Stopped by Jaroslav Halak without a rebound.
5:00 of 1st period - David Krejci wins face-off versus Travis Zajac in Lightning zone.
5:01 of 1st period - Shot by Andreas Athanasiou.
5:01 of 1st period - Stopped by Jaroslav Halak with a rebound.
6:00 of 1st period - Shot by Troy Brouwer.
6:00 of 1st period - Shot Misses the Net.
6:02 of 1st period - Shot by Erik Gudbranson.
6:02 of 1st period - Stopped by Al Montoya without a rebound.
6:03 of 1st period - Mikael Backlund wins face-off versus Henrik Sedin in MapleLeafs zone.
6:17 of 1st period - Shot by Mikael Backlund.
6:17 of 1st period - Stopped by Jaroslav Halak without a rebound.
6:18 of 1st period - Reilly Smith wins face-off versus Jeff Carter in Lightning zone.
6:21 of 1st period - Shot by Jordan Staal.
6:21 of 1st period - Stopped by Jaroslav Halak with a rebound.
6:33 of 1st period - Shot by Milan Lucic.
6:33 of 1st period - Shot Misses the Net.
6:41 of 1st period - Shot by Milan Lucic.
6:41 of 1st period - Shot Blocked by Kyle Quincey.
6:43 of 1st period - Shot by Karl Alzner.
6:43 of 1st period - Shot Misses the Net.
6:45 of 1st period - Shot by Jordan Staal.
6:45 of 1st period - Stopped by Jaroslav Halak with a rebound.
6:47 of 1st period - Shot by Jordan Staal.
6:47 of 1st period - Shot Misses the Net.
6:49 of 1st period - Shot by Karl Alzner.
6:49 of 1st period - Shot Blocked by Kyle Quincey.
6:51 of 1st period - Shot by Reilly Smith.
6:51 of 1st period - Stopped by Jaroslav Halak without a rebound.
6:52 of 1st period - David Krejci wins face-off versus Henrik Sedin in Lightning zone.
7:01 of 1st period - Shot by David Krejci.
7:01 of 1st period - Shot Misses the Net.
7:15 of 1st period - Kevin Klein is hit by Richard Panik and loses puck.
7:39 of 1st period - Nick Leddy is hit by Brad Hunt and loses puck.
7:43 of 1st period - Icing by Brad Hunt.
7:44 of 1st period - Vernon Fiddler wins face-off versus Nazem Kadri in Lightning zone.
10:04 of 1st period - Minor Penalty to Erik Gudbranson for Hooking.
10:05 of 1st period - Jordan Staal wins face-off versus Vernon Fiddler in Lightning zone.
10:24 of 1st period - Shot by Milan Lucic.
10:24 of 1st period - Shot Misses the Net.
10:26 of 1st period - Shot by Karl Alzner.
10:26 of 1st period - Stopped by Jaroslav Halak without a rebound.
10:27 of 1st period - Vernon Fiddler wins face-off versus David Krejci in Lightning zone.
11:09 of 1st period - Icing by Karl Alzner.
11:10 of 1st period - Vernon Fiddler wins face-off versus Milan Lucic in MapleLeafs zone.
12:25 of 1st period - Johnny Gaudreau is hit by Brandon Montour and loses puck.
12:45 of 1st period - Minor Penalty to Alexey Marchenko for Holding.
12:46 of 1st period - Jeff Carter wins face-off versus Andreas Athanasiou in MapleLeafs zone.
12:57 of 1st period - Shot by Trevor Daley.
12:57 of 1st period - Shot Blocked by Nick Leddy.
13:01 of 1st period - Shot by Johnny Gaudreau.
13:01 of 1st period - Shot Blocked by Brent Seabrook.
13:03 of 1st period - Shot by Patric Hornqvist.
13:03 of 1st period - Stopped by Al Montoya with a rebound.
13:05 of 1st period - Shot by Jeff Carter.
13:05 of 1st period - Stopped by Al Montoya without a rebound.
13:06 of 1st period - Jordan Staal wins face-off versus Matt Hendricks in MapleLeafs zone.
13:23 of 1st period - Shot by Kevin Klein.
13:23 of 1st period - Stopped by Al Montoya without a rebound.
13:24 of 1st period - Jordan Staal wins face-off versus Jeff Carter in MapleLeafs zone.
15:07 of 1st period - Shot by Frederick Gaudreau.
15:07 of 1st period - Shot Misses the Net.
15:17 of 1st period - Shot by Reilly Smith.
15:17 of 1st period - Shot Misses the Net.
15:19 of 1st period - Shot by Frederick Gaudreau.
15:19 of 1st period - Shot Misses the Net.
15:28 of 1st period - Icing by Brad Hunt.
15:29 of 1st period - Nazem Kadri wins face-off versus Vernon Fiddler in Lightning zone.
15:30 of 1st period - Shot by Mikael Backlund.
15:30 of 1st period - Stopped by Jaroslav Halak with a rebound.
15:32 of 1st period - Shot by Mikael Backlund.
15:32 of 1st period - Stopped by Jaroslav Halak without a rebound.
15:33 of 1st period - Henrik Sedin wins face-off versus Nazem Kadri in Lightning zone.
15:45 of 1st period - Shot by Troy Brouwer.
15:45 of 1st period - Stopped by Al Montoya without a rebound.
15:46 of 1st period - Travis Zajac wins face-off versus David Krejci in MapleLeafs zone.
16:12 of 1st period - David Krejci is hit by Erik Gudbranson and loses puck.
16:16 of 1st period - Richard Panik is hit by Erik Gudbranson and loses puck.
16:30 of 1st period - Icing by Matt Hendricks.
16:31 of 1st period - Travis Zajac wins face-off versus Mikael Backlund in Lightning zone.
17:08 of 1st period - Shot by Jordan Staal.
17:08 of 1st period - Goal by Jordan Staal - Lightning : 0 - MapleLeafs : 1.
17:09 of 1st period - Henrik Sedin wins face-off versus Jordan Staal in neutral zone.
17:30 of 1st period - Shot by Jordan Staal.
17:30 of 1st period - Shot Misses the Net.
17:32 of 1st period - Shot by Reilly Smith.
17:32 of 1st period - Shot Blocked by David Schlemko.
17:34 of 1st period - Shot by Alexey Marchenko.
17:34 of 1st period - Shot Misses the Net.
17:38 of 1st period - Shot by Jordan Staal.
17:38 of 1st period - Stopped by Jaroslav Halak with a rebound.
18:11 of 1st period - Shot by David Krejci.
18:11 of 1st period - Shot Blocked by Tobias Rieder.
18:13 of 1st period - Shot by David Krejci.
18:13 of 1st period - Shot Misses the Net.
18:15 of 1st period - Shot by David Krejci.
18:15 of 1st period - Deflect By Andreas Athanasiou.
18:15 of 1st period - Shot Misses the Net.
18:55 of 1st period - Shot by Johnny Gaudreau.
18:55 of 1st period - Shot Misses the Net.
18:57 of 1st period - Shot by Teddy Purcell.
18:57 of 1st period - Goal by Teddy Purcell - Lightning : 1 - MapleLeafs : 1.
18:58 of 1st period - Jordan Staal wins face-off versus Justin Bailey in neutral zone.
19:00 of 1st period - Brandon Montour is hit by Justin Bailey and loses puck.
19:04 of 1st period - Reilly Smith is hit by Erik Gudbranson and loses puck.
19:21 of 1st period - Shot by Justin Bailey.
19:21 of 1st period - Stopped by Al Montoya without a rebound.
19:22 of 1st period - David Krejci wins face-off versus Travis Zajac in MapleLeafs zone.
Goals for this period are 1 for Lightning vs 1 for MapleLeafs.
Shots for this period are 8 for Lightning vs 13 for MapleLeafs.

2nd period


0:01 of 2nd period - Jeff Carter wins face-off versus Mikael Backlund in neutral zone.
0:16 of 2nd period - Shot by Mikael Backlund.
0:16 of 2nd period - Shot Misses the Net.
0:18 of 2nd period - Shot by Mikael Backlund.
0:18 of 2nd period - Shot Misses the Net.
0:22 of 2nd period - Shot by Scott Laughton.
0:22 of 2nd period - Shot Blocked by Kyle Quincey.
0:31 of 2nd period - Icing by Kyle Quincey.
0:32 of 2nd period - David Krejci wins face-off versus Jeff Carter in Lightning zone.
0:58 of 2nd period - Shot by Henrik Sedin.
0:58 of 2nd period - Shot Hit the Post.
1:22 of 2nd period - Shot by Tobias Rieder.
1:22 of 2nd period - Shot Blocked by Nick Leddy.
1:24 of 2nd period - Shot by Kevin Klein.
1:24 of 2nd period - Shot Blocked by Richard Panik.
1:50 of 2nd period - Shot by David Schlemko.
1:50 of 2nd period - Stopped by Al Montoya with a rebound.
1:52 of 2nd period - Shot by Eric Fehr.
1:52 of 2nd period - Shot Blocked by Nick Leddy.
2:18 of 2nd period - Icing by Nick Leddy.
2:19 of 2nd period - Jeff Carter wins face-off versus David Krejci in MapleLeafs zone.
2:20 of 2nd period - Shot by Johnny Gaudreau.
2:20 of 2nd period - Shot Misses the Net.
2:24 of 2nd period - Shot by Jeff Carter.
2:24 of 2nd period - Stopped by Al Montoya with a rebound.
2:26 of 2nd period - Shot by Teddy Purcell.
2:26 of 2nd period - Shot Misses the Net.
2:28 of 2nd period - Shot by Kyle Quincey.
2:28 of 2nd period - Stopped by Al Montoya without a rebound.
2:29 of 2nd period - Jordan Staal wins face-off versus Tobias Rieder in MapleLeafs zone.
3:27 of 2nd period - Shot by Teddy Purcell.
3:27 of 2nd period - Shot Misses the Net.
3:29 of 2nd period - Shot by Teddy Purcell.
3:29 of 2nd period - Shot Misses the Net.
4:20 of 2nd period - Shot by Nazem Kadri.
4:20 of 2nd period - Shot Misses the Net.
4:30 of 2nd period - Shot by Brad Hunt.
4:30 of 2nd period - Shot Misses the Net.
4:43 of 2nd period - Icing by Alexey Marchenko.
4:44 of 2nd period - Henrik Sedin wins face-off versus Nazem Kadri in MapleLeafs zone.
5:50 of 2nd period - Minor Penalty to Trevor Daley for Hooking.
5:51 of 2nd period - Eric Fehr wins face-off versus David Krejci in Lightning zone.
5:51 of 2nd period - Eric Fehr is hit by Richard Panik.
6:17 of 2nd period - Shot by David Krejci.
6:17 of 2nd period - Shot Misses the Net.
6:19 of 2nd period - Shot by Brent Seabrook.
6:19 of 2nd period - Shot Blocked by Erik Gudbranson.
6:51 of 2nd period - Shot by Jordan Staal.
6:51 of 2nd period - Shot Misses the Net.
6:53 of 2nd period - Shot by Reilly Smith.
6:53 of 2nd period - Deflect By Jordan Staal.
6:53 of 2nd period - Shot Misses the Net.
7:11 of 2nd period - Shot by Brandon Montour.
7:11 of 2nd period - Shot Blocked by David Schlemko.
7:13 of 2nd period - Shot by Brandon Montour.
7:13 of 2nd period - Shot Blocked by Brad Hunt.
7:15 of 2nd period - Shot by Christopher DiDomenico.
7:15 of 2nd period - Stopped by Jaroslav Halak without a rebound.
7:16 of 2nd period - David Krejci wins face-off versus Henrik Sedin in Lightning zone.
7:21 of 2nd period - Shot by Nick Leddy.
7:21 of 2nd period - Shot Misses the Net.
7:25 of 2nd period - Shot by David Krejci.
7:25 of 2nd period - Shot Misses the Net.
7:27 of 2nd period - Shot by Nick Leddy.
7:27 of 2nd period - Stopped by Jaroslav Halak without a rebound.
7:28 of 2nd period - Jordan Staal wins face-off versus Henrik Sedin in Lightning zone.
7:49 of 2nd period - Shot by Jordan Staal.
7:49 of 2nd period - Stopped by Jaroslav Halak without a rebound.
7:50 of 2nd period - Jeff Carter wins face-off versus Nazem Kadri in Lightning zone.
7:52 of 2nd period - Icing by Johnny Gaudreau.
7:53 of 2nd period - Jeff Carter wins face-off versus Lawson Crouse in Lightning zone.
8:06 of 2nd period - Shot by Jeff Carter.
8:06 of 2nd period - Stopped by Al Montoya without a rebound.
8:07 of 2nd period - Jeff Carter wins face-off versus David Krejci in MapleLeafs zone.
8:09 of 2nd period - Johnny Gaudreau is hit by Brandon Montour and loses puck.
8:23 of 2nd period - Minor Penalty to Brandon Montour for Hooking.
8:24 of 2nd period - David Krejci wins face-off versus Henrik Sedin in MapleLeafs zone.
8:30 of 2nd period - Icing by Kyle Quincey.
8:31 of 2nd period - Henrik Sedin wins face-off versus Jordan Staal in Lightning zone.
9:08 of 2nd period - Henrik Sedin is hit by Alexei Emelin and loses puck.
9:28 of 2nd period - Off-side.
9:29 of 2nd period - Jeff Carter wins face-off versus Jordan Staal in neutral zone.
11:19 of 2nd period - Shot by Nazem Kadri.
11:19 of 2nd period - Shot Misses the Net.
11:21 of 2nd period - Shot by Lawson Crouse.
11:21 of 2nd period - Shot Hit the Post.
11:23 of 2nd period - Shot by Mikael Backlund.
11:23 of 2nd period - Shot Blocked by Kyle Quincey.
11:25 of 2nd period - Shot by Lawson Crouse.
11:25 of 2nd period - Goal by Lawson Crouse - Lightning : 1 - MapleLeafs : 2.
11:26 of 2nd period - Henrik Sedin wins face-off versus David Krejci in neutral zone.
11:26 of 2nd period - Henrik Sedin is hit by Richard Panik.
11:48 of 2nd period - Shot by Andreas Athanasiou.
11:48 of 2nd period - Shot Misses the Net.
11:55 of 2nd period - Icing by Henrik Sedin.
11:56 of 2nd period - Nazem Kadri wins face-off versus Henrik Sedin in Lightning zone.
12:29 of 2nd period - Nazem Kadri is hit by Troy Brouwer and loses puck.
12:41 of 2nd period - Off-side.
12:42 of 2nd period - Jeff Carter wins face-off versus David Krejci in neutral zone.
12:56 of 2nd period - Shot by Andreas Athanasiou.
12:56 of 2nd period - Deflect By Richard Panik.
12:56 of 2nd period - Stopped by Jaroslav Halak without a rebound.
12:57 of 2nd period - Matt Hendricks wins face-off versus Jordan Staal in Lightning zone.
13:05 of 2nd period - Icing by Jordan Staal.
13:06 of 2nd period - Jordan Staal wins face-off versus Jeff Carter in MapleLeafs zone.
13:06 of 2nd period - Brent Seabrook is hit by Jeff Carter and loses puck.
13:10 of 2nd period - Icing by Brent Seabrook.
13:11 of 2nd period - Johnny Gaudreau wins face-off versus Jordan Staal in MapleLeafs zone.
13:15 of 2nd period - Icing by Brent Seabrook.
13:16 of 2nd period - Jordan Staal wins face-off versus Jeff Carter in MapleLeafs zone.
13:32 of 2nd period - Johnny Gaudreau is hit by Nick Leddy.
13:55 of 2nd period - Icing by Erik Gudbranson.
13:56 of 2nd period - Jeff Carter wins face-off versus David Krejci in Lightning zone.
14:22 of 2nd period - Icing by Tobias Rieder.
14:23 of 2nd period - Lawson Crouse wins face-off versus Troy Brouwer in Lightning zone.
14:26 of 2nd period - Shot by Mikael Backlund.
14:26 of 2nd period - Stopped by Jaroslav Halak with a rebound.
14:28 of 2nd period - Shot by Alexey Marchenko.
14:28 of 2nd period - Shot Misses the Net.
14:32 of 2nd period - Shot by Nazem Kadri.
14:32 of 2nd period - Shot Blocked by Trevor Daley.
14:34 of 2nd period - Shot by Lawson Crouse.
14:34 of 2nd period - Stopped by Jaroslav Halak without a rebound.
14:35 of 2nd period - Jordan Staal wins face-off versus Eric Fehr in Lightning zone.
14:35 of 2nd period - Jordan Staal is hit by David Schlemko.
14:49 of 2nd period - Shot by Reilly Smith.
14:49 of 2nd period - Stopped by Jaroslav Halak with a rebound.
15:12 of 2nd period - Icing by Brent Seabrook.
15:13 of 2nd period - Jordan Staal wins face-off versus Jeff Carter in MapleLeafs zone.
15:17 of 2nd period - Nick Leddy is hit by Kyle Quincey and loses puck.
15:22 of 2nd period - Shot by Milan Lucic.
15:22 of 2nd period - Shot Misses the Net.
15:50 of 2nd period - Karl Alzner is hit by Kyle Quincey and loses puck.
15:58 of 2nd period - Minor Penalty to Richard Panik for Hooking.
15:59 of 2nd period - Jordan Staal wins face-off versus Troy Brouwer in MapleLeafs zone.
15:59 of 2nd period - Jordan Staal is hit by Troy Brouwer.
16:07 of 2nd period - Shot by Tobias Rieder.
16:07 of 2nd period - Shot Misses the Net.
16:09 of 2nd period - Shot by Erik Gudbranson.
16:09 of 2nd period - Stopped by Al Montoya without a rebound.
16:10 of 2nd period - Jordan Staal wins face-off versus Henrik Sedin in MapleLeafs zone.
16:33 of 2nd period - Shot by David Krejci.
16:33 of 2nd period - Shot Misses the Net.
16:35 of 2nd period - Shot by Jordan Staal.
16:35 of 2nd period - Stopped by Jaroslav Halak without a rebound.
16:36 of 2nd period - Nazem Kadri wins face-off versus Jeff Carter in Lightning zone.
17:04 of 2nd period - Alexei Emelin is hit by Patric Hornqvist and loses puck.
17:09 of 2nd period - Shot by Jeff Carter.
17:09 of 2nd period - Deflect By Johnny Gaudreau.
17:09 of 2nd period - Shot Blocked by Karl Alzner.
18:05 of 2nd period - Shot by Vernon Fiddler.
18:05 of 2nd period - Shot Hit the Post.
18:42 of 2nd period - Icing by Brad Hunt.
18:43 of 2nd period - Vernon Fiddler wins face-off versus Nazem Kadri in Lightning zone.
19:06 of 2nd period - Shot by Nazem Kadri.
19:06 of 2nd period - Shot Misses the Net.
19:08 of 2nd period - Shot by Brent Seabrook.
19:08 of 2nd period - Shot Misses the Net.
19:12 of 2nd period - Shot by Nazem Kadri.
19:12 of 2nd period - Shot Misses the Net.
19:14 of 2nd period - Shot by Brent Seabrook.
19:14 of 2nd period - Shot Misses the Net.
19:29 of 2nd period - Karl Alzner is hit by Kyle Quincey and loses puck.
19:44 of 2nd period - Alexei Emelin is hit by Travis Zajac and loses puck.
Goals for this period are 0 for Lightning vs 1 for MapleLeafs.
Shots for this period are 5 for Lightning vs 9 for MapleLeafs.

3rd period


0:01 of 3rd period - Teddy Purcell wins face-off versus Mikael Backlund in neutral zone.
0:08 of 3rd period - Kyle Quincey is hit by Jordan Staal and loses puck.
0:18 of 3rd period - Teddy Purcell is hit by Alexei Emelin and loses puck.
0:24 of 3rd period - Icing by Alexei Emelin.
0:25 of 3rd period - Mikael Backlund wins face-off versus Henrik Sedin in MapleLeafs zone.
0:41 of 3rd period - Tobias Rieder is hit by Alexei Emelin and loses puck.
0:44 of 3rd period - Shot by Kevin Klein.
0:44 of 3rd period - Stopped by Al Montoya without a rebound.
0:45 of 3rd period - David Krejci wins face-off versus Jeff Carter in MapleLeafs zone.
0:52 of 3rd period - Trevor Daley is hit by Richard Panik and loses puck.
1:05 of 3rd period - Brent Seabrook is hit by Jeff Carter and loses puck.
1:18 of 3rd period - Shot by Teddy Purcell.
1:18 of 3rd period - Shot Misses the Net.
2:37 of 3rd period - Shot by Matt Hendricks.
2:37 of 3rd period - Shot Misses the Net.
3:10 of 3rd period - Teddy Purcell is hit by Alexei Emelin and loses puck.
3:19 of 3rd period - Shot by Johnny Gaudreau.
3:19 of 3rd period - Goal by Johnny Gaudreau - Lightning : 2 - MapleLeafs : 2.
3:20 of 3rd period - Henrik Sedin wins face-off versus Milan Lucic in neutral zone.
3:36 of 3rd period - Off-side.
3:37 of 3rd period - David Krejci wins face-off versus Vernon Fiddler in neutral zone.
4:42 of 3rd period - Shot by Jordan Staal.
4:42 of 3rd period - Shot Misses the Net.
5:04 of 3rd period - Shot by Tobias Rieder.
5:04 of 3rd period - Goal by Tobias Rieder - Lightning : 3 - MapleLeafs : 2.
5:05 of 3rd period - Travis Zajac wins face-off versus Nazem Kadri in neutral zone.
5:10 of 3rd period - Shot by David Schlemko.
5:10 of 3rd period - Shot Misses the Net.
5:55 of 3rd period - Icing by Alexey Marchenko.
5:56 of 3rd period - Henrik Sedin wins face-off versus David Krejci in MapleLeafs zone.
7:02 of 3rd period - Shot by Teddy Purcell.
7:02 of 3rd period - Shot Blocked by Nick Leddy.
7:13 of 3rd period - Icing by Trevor Daley.
7:14 of 3rd period - Jeff Carter wins face-off versus Nazem Kadri in Lightning zone.
7:20 of 3rd period - Shot by Nazem Kadri.
7:20 of 3rd period - Stopped by Jaroslav Halak without a rebound.
7:21 of 3rd period - Travis Zajac wins face-off versus Nazem Kadri in Lightning zone.
8:11 of 3rd period - Icing by Jordan Staal.
8:12 of 3rd period - Henrik Sedin wins face-off versus Jordan Staal in MapleLeafs zone.
8:34 of 3rd period - Erik Gudbranson is hit by Milan Lucic and loses puck.
8:38 of 3rd period - Icing by Erik Gudbranson.
8:39 of 3rd period - David Krejci wins face-off versus Henrik Sedin in Lightning zone.
8:46 of 3rd period - Shot by Andreas Athanasiou.
8:46 of 3rd period - Shot Misses the Net.
8:49 of 3rd period - Icing by Erik Gudbranson.
8:50 of 3rd period - Mikael Backlund wins face-off versus Troy Brouwer in Lightning zone.
8:58 of 3rd period - Icing by Karl Alzner.
8:59 of 3rd period - Teddy Purcell wins face-off versus Mikael Backlund in MapleLeafs zone.
9:00 of 3rd period - Shot by Jeff Carter.
9:00 of 3rd period - Shot Misses the Net.
9:30 of 3rd period - Shot by Jordan Staal.
9:30 of 3rd period - Shot Misses the Net.
9:36 of 3rd period - Shot by Johnny Gaudreau.
9:36 of 3rd period - Stopped by Al Montoya without a rebound.
9:37 of 3rd period - Henrik Sedin wins face-off versus David Krejci in MapleLeafs zone.
9:41 of 3rd period - Minor Penalty to Troy Brouwer for Roughing.
9:42 of 3rd period - Eric Fehr wins face-off versus David Krejci in Lightning zone.
9:42 of 3rd period - Eric Fehr is hit by Richard Panik.
10:04 of 3rd period - Shot by Nick Leddy.
10:04 of 3rd period - Shot Blocked by Vernon Fiddler.
10:06 of 3rd period - Shot by Andreas Athanasiou.
10:06 of 3rd period - Deflect By David Krejci.
10:06 of 3rd period - Stopped by Jaroslav Halak without a rebound.
10:07 of 3rd period - Eric Fehr wins face-off versus Jordan Staal in Lightning zone.
10:18 of 3rd period - Shot by Reilly Smith.
10:18 of 3rd period - Stopped by Jaroslav Halak without a rebound.
10:19 of 3rd period - Milan Lucic wins face-off versus Eric Fehr in Lightning zone.
10:26 of 3rd period - Shot by Nick Leddy.
10:26 of 3rd period - Deflect By Milan Lucic.
10:26 of 3rd period - Stopped by Jaroslav Halak without a rebound.
10:27 of 3rd period - David Krejci wins face-off versus Eric Fehr in Lightning zone.
10:28 of 3rd period - Shot by Brent Seabrook.
10:28 of 3rd period - Stopped by Jaroslav Halak without a rebound.
10:29 of 3rd period - Jordan Staal wins face-off versus Eric Fehr in Lightning zone.
10:30 of 3rd period - Shot by Brent Seabrook.
10:30 of 3rd period - Stopped by Jaroslav Halak without a rebound.
10:31 of 3rd period - Eric Fehr wins face-off versus Jordan Staal in Lightning zone.
10:55 of 3rd period - Off-side.
10:56 of 3rd period - Eric Fehr wins face-off versus David Krejci in neutral zone.
11:25 of 3rd period - Shot by Alexei Emelin.
11:25 of 3rd period - Stopped by Jaroslav Halak without a rebound.
11:26 of 3rd period - Henrik Sedin wins face-off versus Jordan Staal in Lightning zone.
11:32 of 3rd period - Icing by Jordan Staal.
11:33 of 3rd period - Jordan Staal wins face-off versus Henrik Sedin in MapleLeafs zone.
11:33 of 3rd period - Jordan Staal is hit by Henrik Sedin.
11:47 of 3rd period - Shot by Nazem Kadri.
11:47 of 3rd period - Stopped by Jaroslav Halak with a rebound.
12:03 of 3rd period - Shot by Mikael Backlund.
12:03 of 3rd period - Shot Misses the Net.
12:09 of 3rd period - Shot by Nazem Kadri.
12:09 of 3rd period - Shot Blocked by David Schlemko.
12:25 of 3rd period - Shot by Brent Seabrook.
12:25 of 3rd period - Shot Blocked by Brad Hunt.
12:27 of 3rd period - Shot by Reilly Smith.
12:27 of 3rd period - Stopped by Jaroslav Halak without a rebound.
12:28 of 3rd period - Jordan Staal wins face-off versus Henrik Sedin in Lightning zone.
12:33 of 3rd period - Shot by Milan Lucic.
12:33 of 3rd period - Stopped by Jaroslav Halak without a rebound.
12:34 of 3rd period - Henrik Sedin wins face-off versus Milan Lucic in Lightning zone.
12:49 of 3rd period - Shot by Jordan Staal.
12:49 of 3rd period - Shot Misses the Net.
14:21 of 3rd period - Minor Penalty to Alexei Emelin for Elbowing.
14:22 of 3rd period - Jeff Carter wins face-off versus Nazem Kadri in MapleLeafs zone.
14:43 of 3rd period - Shot by Patric Hornqvist.
14:43 of 3rd period - Shot Blocked by Karl Alzner.
14:45 of 3rd period - Shot by Jeff Carter.
14:45 of 3rd period - Shot Blocked by Karl Alzner.
14:47 of 3rd period - Shot by Trevor Daley.
14:47 of 3rd period - Goal by Trevor Daley - Lightning : 4 - MapleLeafs : 2.
14:48 of 3rd period - Troy Brouwer wins face-off versus Nazem Kadri in neutral zone.
15:07 of 3rd period - Shot by Nazem Kadri.
15:07 of 3rd period - Stopped by Jaroslav Halak without a rebound.
15:08 of 3rd period - Vernon Fiddler wins face-off versus David Krejci in Lightning zone.
16:47 of 3rd period - Shot by Henrik Sedin.
16:47 of 3rd period - Stopped by Al Montoya without a rebound.
16:48 of 3rd period - David Krejci wins face-off versus Travis Zajac in MapleLeafs zone.
16:57 of 3rd period - Shot by David Krejci.
16:57 of 3rd period - Stopped by Jaroslav Halak without a rebound.
16:58 of 3rd period - Travis Zajac wins face-off versus Jordan Staal in Lightning zone.
16:58 of 3rd period - Travis Zajac is hit by Jordan Staal.
17:54 of 3rd period - Shot by Henrik Sedin.
17:54 of 3rd period - Stopped by Al Montoya without a rebound.
17:55 of 3rd period - David Krejci wins face-off versus Henrik Sedin in MapleLeafs zone.
18:05 of 3rd period - Icing by Alexei Emelin.
18:06 of 3rd period - David Krejci wins face-off versus Jeff Carter in MapleLeafs zone.
18:06 of 3rd period - David Krejci is hit by Teddy Purcell.
18:11 of 3rd period - Minor Penalty to Kyle Quincey for Tripping.
18:12 of 3rd period - Eric Fehr wins face-off versus Jordan Staal in Lightning zone.
18:12 of 3rd period - Eric Fehr is hit by Jordan Staal.
18:19 of 3rd period - Icing by Jordan Staal.
18:20 of 3rd period - Eric Fehr wins face-off versus Jordan Staal in MapleLeafs zone.
18:41 of 3rd period - Shot by Nick Leddy.
18:41 of 3rd period - Stopped by Jaroslav Halak without a rebound.
18:42 of 3rd period - David Krejci wins face-off versus Vernon Fiddler in Lightning zone.
19:32 of 3rd period - Icing by Nick Leddy.
19:33 of 3rd period - Jordan Staal wins face-off versus Eric Fehr in MapleLeafs zone.
19:46 of 3rd period - Shot by Nick Leddy.
19:46 of 3rd period - Goal by Nick Leddy - Lightning : 4 - MapleLeafs : 3.
19:47 of 3rd period - Jordan Staal wins face-off versus Jeff Carter in neutral zone.
19:50 of 3rd period - MapleLeafs, Al Montoya is pulled from the net.
19:50 of 3rd period - Shot by Milan Lucic.
19:50 of 3rd period - Shot Misses the Net.
19:52 of 3rd period - Shot by Reilly Smith.
19:52 of 3rd period - Stopped by Jaroslav Halak without a rebound.
19:53 of 3rd period - Jeff Carter wins face-off versus Jordan Staal in Lightning zone.
19:55 of 3rd period - Icing by Johnny Gaudreau.
19:56 of 3rd period - Jordan Staal wins face-off versus Jeff Carter in Lightning zone.
Goals for this period are 3 for Lightning vs 1 for MapleLeafs.
Shots for this period are 7 for Lightning vs 15 for MapleLeafs.